 Dungeon Crawl Stone Soup version 0.18-a0-1778-gadce9fa (webtiles) character file.

46 mmcf the Sneak (level 3, 0/18 HPs)
             Began as a Spriggan Assassin on Apr 16, 2016.
             Succumbed to a worker ant's poison
             ... on level 6 of the Dungeon.
             The game lasted 00:02:19 (868 turns).

mmcf the Sneak (Spriggan Assassin)                   Turns: 868, Time: 00:02:20

Health: 0/18       AC:  3    Str:  4    XL:     3   Next: 44%
Magic:  4/4        EV: 16    Int: 12    God:
Gold:   27         SH:  5    Dex: 18    Spells: 0 memorised, 2 levels left

rFire  . . .     SeeInvis +     l - -2 dagger (curse)
rCold  . . .     Gourm    .     c - +0 robe
rNeg   . . .     Faith    .     m - +0 buckler
rPois  .         Spirit   .     (helmet restricted)
rElec  .         Dismiss  .     d - +0 cloak
rCorr  .         Reflect  .     (gloves unavailable)
SustAt .         Harm     .     (boots unavailable)
MR     .....                    (no amulet)
Stlth  ++++......               (no ring)
                                h - -3 ring of strength (curse)

@: lethally poisoned (0 -> -3), very quick, not resistant to hostile
enchantments, stealthy
A: unfitting armour, see invisible, herbivore 3, speed 3, slow metabolism 2
a: no special abilities


You were on level 6 of the Dungeon.
You were not hungry.

You visited 1 branch of the dungeon, and saw 6 of its levels.

You collected 27 gold pieces.

Inventory:

Hand Weapons
 a - a +2 dagger
 b - a +0 blowgun
 l - a cursed -2 dagger (weapon)
Missiles
 e - 8 poisoned needles
 f - 2 curare-tipped needles
Armour
 c - a +0 robe (worn)
 d - a +0 cloak (worn)
 m - a +0 buckler (worn)
Jewellery
 h - a cursed -3 ring of strength (left hand)
Scrolls
 j - a scroll of identify {unknown}
 k - a scroll of immolation {unknown}
 n - a scroll of teleportation {unknown}
Potions
 i - 2 potions of cure mutation {unknown}
Comestibles
 g - 2 bread rations


   Skills:
 - Level 1.5 Fighting
 + Level 2.5 Short Blades
 - Level 2.0 Throwing
 - Level 1.5 Dodging
 + Level 7.7 Stealth


You had 2 spell levels left.
You didn't know any spells.

Dungeon Overview and Level Annotations

Branches:
Dungeon (6/15)
 Temple: D:4-7

Altars:
Ashenzari
Vehumet


Innate Abilities, Weirdness & Mutations

You are tiny and cannot use many weapons and most armour.
You have supernaturally acute eyesight.
You are a herbivore.
You cover ground extremely quickly.
You need consume almost no food.


Message History

The worker ant poisons you!
You completely miss the worker ant.
The worker ant is lightly wounded.
You feel sick. You block the worker ant's attack.
You hit the worker ant.
The worker ant is lightly wounded.
The worker ant barely misses you.
* * * LOW HITPOINT WARNING * * *
You feel sick.
* * * LOW HITPOINT WARNING * * *
You feel sick.
* * * LOW HITPOINT WARNING * * *
You feel sick.
* * * LOW HITPOINT WARNING * * *
You feel sick.
* * * LOW HITPOINT WARNING * * *
You feel sick.
* * * LOW HITPOINT WARNING * * *
You feel sick.
You die...

....#_+
##.##.+_+.#
....####
....^.#'#.#
#......#
###..#.#####
##.....#
#...#<.....#
#.....#
#.####(###.#
#.#...# #.#
#.###.# #.#####
#.# #.....# #.#
###.# #######
#.#### #..@#
#....##########.#
#.##.#......a...#
####...##########
#.#.# #####


There were no monsters in sight!

Vanquished Creatures
  A jelly (D:6)
  2 ball pythons
  2 giant cockroaches
  4 hobgoblins (D:1)
  A kobold (D:3)
  A bat (D:1)
  A goblin (D:2)
  3 rats
15 creatures vanquished.

Notes
Turn   | Place    | Note
--------------------------------------------------------------
     0 | D:1      | mmcf the Spriggan Assassin began the quest for the Orb.
     0 | D:1      | Reached XP level 1. HP: 10/10 MP: 2/2
     8 | D:1      | Reached skill level 6 in Stealth
   179 | D:1      | Reached XP level 2. HP: 13/14 MP: 3/3
   684 | D:5      | Entered Level 5 of the Dungeon
   724 | D:6      | Found a radiant altar of Vehumet.
   730 | D:6      | Reached skill level 7 in Stealth
   730 | D:6      | Reached XP level 3. HP: 18/18 MP: 4/4
   754 | D:6      | Found a shattered altar of Ashenzari.
   778 | D:6      | Noticed a sky beast
   868 | D:6      | Succumbed to a worker ant's poison

Vault maps used:
D:1:      minmay_arrival_stone_box, minmay_newt_pond
D:2:      first_bread, uniq_iyjb
D:3:      makhleb_altar_promises_db, uniq_terence
D:4:      minmay_temple_entry_trees
D:5:      kennysheep_mini_moat, zin_purify, serial_shops,
          nicolae_shop_window_shopping, trog_hazing_becter
D:6:      ashenzari_conservatory_becter, kennysheep_mini, serial_shops, shop,
          nicolae_shop_competitors_out_of_business, nicolae_shop_crystal

Skill      XL: |  1  2 |
---------------+-------+-----
Stealth        | 6 7 |  7.7
Fighting       | |  1.5
Short Blades   | |  2.5
Throwing       | |  2.0
Dodging        | |  1.5

Action                   || total
-------------------------++-------
Melee: Dagger            ||    68
  Use: Scroll            ||     2
 Stab: Sleeping          ||     8
Armor: Robe              ||     9
Dodge: Dodged            ||    41
Block: Buckler           ||     5
